Map: Lost and Found LE

Players

Nerchio

  • Race: Zerg Zerg
  • Spawn Location: 1:00

Classic - Winner!

  • Race: Protoss Protoss
  • Spawn Location: 7:00

Event: 2018 WCS Global Finals

VOD

Have the link to the VOD?

Description

Time

  • Played on: Oct. 27, 2018, 1:47 p.m.
  • Length: 15:35

All games in this series

Show
View Real Time Build Order
Export as new Build Order

Nerchio Zerg 

Build Orders: Hatch First, Swarm Host 

Get SALT Encoding   

  12  0:00  Drone  
  13  0:13  Overlord  
  13  0:16  Drone  
  14  0:31  Drone x2  
  16  0:48  Hatchery  
  15  0:51  Drone  
  15  0:55  Drone  
  17  0:58  Drone  
  18  1:06  Extractor  
  17  1:15  Spawning Pool  
  17  1:17  Drone  
  17  1:20  Drone  
  18  1:28  Drone  
  19  1:38  Overlord  
  19  1:49  Drone  
  20  2:01  Queen x2  
  20  2:03  Zergling x2  
  20  2:07  Metabolic Boost  
  25  2:10  Zergling x2  
  25  2:13  Drone  
  27  2:16  Drone  
  27  2:22  Drone x2  
  30  2:39  Hatchery  
  30  2:41  Drone  
  30  2:44  Drone  
  31  2:45  Drone  
  32  2:52  Overlord  
  32  2:57  Queen  
  34  3:00  Drone  
  34  3:02  Drone  
  36  3:11  Drone  
  36  3:12  Drone x3  
  40  3:13  Drone  
  40  3:19  Overlord  
  41  3:22  Spore Crawler  
  40  3:27  Drone  
  40  3:28  Drone x3  
  44  3:37  Spore Crawler, Queen  
  45  3:42  Lair  
  45  3:44  Drone  
  45  3:45  Drone  
  47  3:49  Overlord  
  47  3:52  Overlord  
  47  3:54  Drone  
  48  3:57  Drone, Extractor  
  48  3:59  Drone  
  48  4:01  Drone  
  50  4:07  Overlord  
  50  4:13  Drone x3, Extractor, Spore Crawler  
  51  4:17  Drone  
  51  4:18  Drone x2  
  51  4:20  Drone  
  51  4:21  Drone  
  56  4:26  Queen  
  58  4:31  Spore Crawler  
  58  4:35  Drone  
  58  4:36  Drone, Baneling Nest  
  58  4:38  Drone  
  59  4:44  Hydralisk Den  
  58  4:48  Drone x4  
  58  4:50  Drone  
  58  4:51  Extractor  
  58  4:52  Zergling x2  
  63  4:53  Zergling x2  
  63  4:55  Zergling x2  
  63  4:57  Zergling x2  
  63  4:59  Overlord  
  66  5:01  Zergling x2  
  66  5:03  Zergling x2  
  66  5:04  Zergling x2  
  68  5:07  Overlord  
  68  5:13  Overlord  
  68  5:17  Muscular Augments  
  68  5:18  Hydralisk x2  
  72  5:22  Hydralisk  
  72  5:25  Hydralisk  
  76  5:28  Hydralisk  
  76  5:34  Hydralisk x2  
  82  5:36  Overseer  
  82  5:44  Drone x7  
  82  5:45  Drone  
  82  5:49  Centrifical Hooks  
  90  5:56  Extractor  
  89  5:57  Overlord, Hydralisk  
  89  5:58  Hydralisk  
  89  6:02  Hydralisk  
  92  6:05  Hydralisk  
  92  6:07  Overlord  
  92  6:10  Overlord  
  94  6:17  Hydralisk  
  96  6:21  Hydralisk  
  98  6:26  Drone x3  
  98  6:28  Grooved Spines  
  101  6:37  Drone x4  
  101  6:38  Drone x2  
  101  6:39  Hatchery  
  106  6:40  Drone  
  106  6:42  Drone x2  
  106  6:43  Drone  
  106  6:44  Drone  
  110  6:50  Pneumatized Carapace  
  110  6:51  Drone x3  
  110  6:52  Drone  
  110  6:54  Extractor  
  113  6:56  Evolution Chamber, Drone  
  113  6:57  Drone  
  113  6:59  Drone  
  115  7:05  Overlord  
  115  7:06  Hydralisk x2  
  115  7:08  Overlord  
  119  7:09  Overlord  
  119  7:15  Zergling x6  
  120  7:18  Overlord  
  120  7:19  Overlord  
  120  7:21  Overlord, Infestation Pit  
  121  7:28  Drone x3  
  124  7:39  Hydralisk x3  
  124  7:44  Zerg Melee Weapons Level 1  
  130  7:46  Evolution Chamber  
  130  7:50  Hatchery  
  130  7:51  Zergling x16  
  136  8:07  Zergling x10  
  136  8:08  Zergling x4  
  136  8:12  Overlord x2  
  143  8:13  Zerg Missile Weapons Level 1  
  143  8:17  Swarm Host x7  
  164  8:21  Swarm Host  
  164  8:22  Swarm Host  
  164  8:25  Swarm Host  
  173  8:28  Baneling  
  173  8:29  Baneling x9  
  173  8:33  Baneling x9  
  173  8:45  Zergling x20  
  183  8:56  Overlord  
  183  8:57  Zergling x2  
  183  8:58  Overlord x2  
  183  9:00  Overlord  
  183  9:01  Overlord  
  184  9:04  Overlord  
  181  9:17  Zergling x36  
  199  9:25  Baneling  
  199  9:26  Baneling x11, Hive  
  199  9:32  Spire  
  192  9:57  Hydralisk x10  
  194  10:03  Zergling x20  
  185  10:08  Zergling x2  
  185  10:09  Zergling x2  
  185  10:14  Zergling x4  
  186  10:15  Zergling x6  
  186  10:16  Zergling x2  
  189  10:23  Zerg Melee Weapons Level 2  
  189  10:24  Zerg Missile Weapons Level 2  
  189  10:26  Baneling x3  
  189  10:27  Baneling x17  
  187  10:29  Baneling x3  
  187  10:30  Baneling  
  187  10:32  Zergling x12  
  189  10:46  Baneling x10  
  161  11:04  Hydralisk x6  
  161  11:06  Zergling x2  
  161  11:07  Zergling x22  
  161  11:08  Zergling x2  
  159  11:16  Hydralisk x4  
  150  11:20  Baneling x2  
  150  11:22  Zergling x2  
  150  11:23  Zergling x8  
  150  11:24  Zergling x2  
  152  11:26  Baneling  
  152  11:27  Baneling x4  
  152  11:31  Baneling x2  
  139  11:40  Hydralisk x2  
  139  11:45  Zergling x10  
  139  11:46  Hydralisk  
  122  11:48  Zergling x4  
  122  11:50  Zergling x2  
  121  11:56  Hydralisk  
  121  11:59  Hydralisk x2, Queen  
  129  12:05  Hydralisk  
  125  12:11  Baneling  
  121  12:18  Hydralisk  
  123  12:25  Hatchery, Zergling x10  
  123  12:28  Zergling x2  
  126  12:30  Baneling x2  
  126  12:31  Baneling  
  126  12:39  Hydralisk  
  126  12:42  Hatchery  
  127  12:46  Extractor  
  127  12:49  Hydralisk  
  128  12:56  Drone x4  
  132  12:58  Extractor  
  132  13:01  Extractor  
  132  13:02  Hydralisk  
  132  13:03  Hydralisk  
  134  13:05  Overlord  
  134  13:13  Zergling x2  
  134  13:14  Zergling x14  
  134  13:16  Extractor  
  134  13:18  Hydralisk x2  
  145  13:21  Hydralisk  
  145  13:24  Zergling x2  
  145  13:25  Zergling x2  
  145  13:26  Hydralisk  
  146  13:30  Hydralisk  
  146  13:34  Hydralisk  
  147  13:36  Hydralisk  
  147  13:40  Hydralisk  
  153  13:42  Zergling x2  
  153  13:43  Zergling x2  
  155  13:49  Zergling x10  
  155  13:53  Zergling x2  
  155  13:54  Zergling x6  
  164  14:01  Zergling x8  
  168  14:03  Greater Spire  
  168  14:08  Zergling x2  
  168  14:09  Baneling x12  
  168  14:13  Zergling x6  
  168  14:14  Zergling x2  
  171  14:20  Zergling x2  
  171  14:21  Zergling x8  
  171  14:22  Baneling x3  
  176  14:25  Zergling x2  
  176  14:26  Zergling x2  
  176  14:30  Hydralisk x2  
  179  14:33  Baneling x4  
  178  14:40  Baneling x10  
  178  14:41  Baneling, Zergling x2  
  179  14:52  Hydralisk x4  
  139  14:56  Zergling x6  
  145  15:01  Hydralisk x2  
  145  15:04  Hydralisk  
  148  15:09  Zergling x6  
Show
View Real Time Build Order
Export as new Build Order

Classic Protoss - Winner!

Build Orders: 1 Gate Expand, Oracle Opening, Phoenix Opening, Archon Immortal 

Get SALT Encoding   

  12  0:00  Probe  
  13  0:12  Probe  
  14  0:19  Pylon  
  14  0:24  Probe  
  15  0:33  Probe  
  15  0:37  Gateway  
  15  0:41  Probe  
  16  0:47  Assimilator  
  17  0:51  Probe  
  18  1:03  Probe  
  19  1:15  Probe  
  20  1:24  Nexus  
  20  1:27  Probe  
  21  1:37  Cybernetics Core  
  21  1:40  Probe  
  21  1:45  Assimilator  
  22  1:51  Pylon  
  22  1:53  Probe  
  23  2:04  Adept  
  23  2:09  Probe  
  26  2:16  Stargate  
  26  2:21  Probe  
  27  2:27  Warp Gate  
  27  2:30  Adept  
  27  2:31  Probe  
  27  2:33  Probe  
  31  2:39  Probe  
  31  2:41  Probe  
  32  2:47  Probe  
  32  2:51  Probe  
  34  2:54  Phoenix  
  35  2:59  Probe  
  35  3:03  Probe  
  39  3:10  Pylon  
  39  3:12  Probe  
  40  3:15  Probe  
  40  3:19  Oracle  
  41  3:20  Adept  
  41  3:26  Probe  
  45  3:27  Probe  
  45  3:31  Gateway  
  46  3:35  Assimilator  
  46  3:37  Assimilator  
  46  3:38  Probe  
  46  3:39  Probe  
  48  3:45  Robotics Facility  
  48  3:50  Probe  
  48  3:51  Probe  
  50  3:57  Pylon  
  50  3:58  Twilight Council  
  50  4:03  Probe x2  
  52  4:11  Gateway x2  
  52  4:15  Probe x2  
  54  4:22  Pylon  
  54  4:29  Immortal  
  54  4:36  Charge  
  54  4:39  Templar Archives  
  58  4:49  Probe x2  
  58  4:50  Pylon  
  60  4:57  Zealot  
  62  5:01  Nexus  
  62  5:02  Pylon  
  62  5:09  Psionic Storm  
  62  5:14  Gateway  
  62  5:15  Gateway  
  62  5:25  High Templar x2  
  66  5:28  Probe  
  66  5:29  Probe  
  68  5:39  Gateway  
  68  5:40  Probe, Pylon, Gateway  
  68  5:41  Probe  
  70  5:44  Forge  
  70  5:51  Immortal, High Templar  
  70  5:52  High Templar  
  70  5:53  Shield Battery  
  74  5:59  Protoss Ground Weapons Level 1  
  78  6:06  Probe x2  
  78  6:09  Robotics Facility  
  78  6:13  Probe  
  80  6:18  Probe x2  
  80  6:22  Assimilator  
  80  6:25  Probe  
  82  6:26  Assimilator, Observer  
  82  6:28  Pylon  
  82  6:30  Probe x2  
  85  6:35  Immortal  
  85  6:39  Probe  
  86  6:42  Probe x2  
  88  6:47  Pylon  
  88  6:49  Immortal, Photon Cannon  
  88  6:51  Probe  
  93  6:54  Probe  
  93  6:55  Probe  
  93  6:57  Pylon  
  99  7:04  Photon Cannon, Probe  
  99  7:06  High Templar x2  
  104  7:12  Photon Cannon  
  104  7:15  Photon Cannon  
  104  7:16  Observer  
  104  7:20  Immortal  
  105  7:23  Pylon  
  105  7:29  Photon Cannon, Shield Battery  
  109  7:36  Observer  
  109  7:43  Photon Cannon  
  109  7:53  Stalker  
  109  7:54  Stalker x3  
  117  7:58  High Templar  
  117  7:59  High Templar, Zealot x2  
  117  8:00  Immortal x2, Observer  
  117  8:04  Archon  
  133  8:09  Protoss Ground Weapons Level 2  
  133  8:16  Pylon  
  133  8:19  Pylon  
  133  8:24  Photon Cannon, Zealot x2  
  137  8:29  Photon Cannon  
  137  8:31  Warp Prism, Pylon  
  137  8:32  Immortal, Pylon  
  143  8:41  High Templar  
  143  8:42  High Templar  
  147  8:50  Pylon  
  147  9:00  Fleet Beacon  
  147  9:01  Stargate, Protoss Air Weapons Level 1  
  147  9:07  Photon Cannon  
  147  9:14  Shield Battery  
  146  9:19  Nexus, Probe x3  
  146  9:20  Pylon  
  149  9:24  High Templar x2  
  149  9:25  Zealot x3  
  149  9:30  Archon  
  159  9:35  Immortal  
  159  9:36  Immortal  
  157  9:49  Shield Battery  
  157  9:51  Shield Battery x2  
  161  9:56  Zealot x2  
  161  9:57  Zealot  
  150  10:03  Zealot  
  136  10:07  Probe  
  136  10:08  Probe x2  
  136  10:13  High Templar  
  141  10:21  Probe x3  
  141  10:25  High Templar x3  
  141  10:26  High Templar, Zealot x3  
  158  10:30  Archon x2  
  158  10:33  Probe x3  
  161  10:36  Probe  
  158  10:45  High Templar, Probe  
  158  10:46  Zealot x2  
  158  10:47  High Templar  
  165  10:51  Archon  
  149  11:09  Zealot x5  
  149  11:10  Zealot  
  135  11:12  Immortal  
  135  11:15  Immortal  
  138  11:29  High Templar x2, Zealot  
  138  11:30  Zealot x5  
  154  11:33  Archon  
  154  11:35  Protoss Ground Weapons Level 3  
  111  11:52  Zealot  
  111  11:53  Zealot x4  
  111  11:54  High Templar  
  119  11:59  Archon  
  119  12:02  Immortal x2  
  119  12:03  Probe x4  
  123  12:15  High Templar x2, Probe  
  134  12:19  Probe x3  
  134  12:20  Assimilator x2  
  139  12:27  Probe  
  140  12:31  High Templar x2, Zealot x2, Probe  
  140  12:32  Zealot x2  
  140  12:34  Immortal, Shield Battery x2  
  140  12:35  Shield Battery, Archon  
  153  12:38  Immortal  
  153  12:40  Probe x3  
  153  12:43  Probe  
  157  12:51  Mothership  
  165  12:55  High Templar x2  
  169  12:58  Zealot x4  
  169  13:05  Stalker x2  
  181  13:20  Pylon  
  181  13:23  Pylon  
  181  13:26  Warp Prism  
  189  13:27  Immortal  
  183  13:43  Zealot x6  
  195  14:04  Warp Prism  
  191  14:15  Pylon  
  191  14:19  Observer  
  190  14:32  Zealot x5  
  190  14:33  Zealot x3  
  190  14:37  Observer  
  171  14:55  Zealot x8  
  187  15:09  Stargate  
  183  15:19  Zealot x8  
Tags
 
Add a new tag
Caveats
  • Supply blocks, unpowered buildings, or Contaminate may cause inaccurate times.
  • Supply counts are checked every 10 seconds.